 Dungeon Crawl Stone Soup version 0.31-a0-835-g2a3a5bc3be (webtiles) character file.

Game seed: 3109218875377243788

751 12345 the Skirmisher (level 7, -4/41 HPs)
             Began as a Deep Elf Hunter on Sept 26, 2023.
             Was an Initiate of Hepliaklqana.
             Slain by Edmund
             ... wielding a +0 heavy flail
              (20 damage)
             ... in the Ecumenical Temple.
             The game lasted 00:07:22 (2973 turns).

12345 the Skirmisher (Deep Elf Hunter)              Turns: 2973, Time: 00:07:23

Health: -4/41      AC:  7    Str:  8    XL:     7   Next: 49%
Magic:  9/9        EV: 19    Int: 14    God:    Hepliaklqana [......]
Gold:   226        SH:  0    Dex: 20    Spells: 6/6 levels left

rFire   . . .        b - +4 dagger (venom)
rCold   . . .        (no shield)
rNeg    . . .        c - +0 leather armour
rPois   .            (no helmet)
rElec   .            (no cloak)
rCorr   .            (no gloves)
SInv    .            (no boots)
Will    .....        m - amulet of the acrobat
Stlth   +++          e - +4 ring of protection
HPRegen 0.26/turn    p - +5 ring of evasion
MPRegen 0.11/turn

%: acrobat
@: no status effects
A: no striking features
a: Renounce Religion


You were in the Ecumenical Temple.
You worshipped Hepliaklqana.
Hepliaklqana was noncommittal.
You visited 2 branches of the dungeon, and saw 6 of its levels.

You collected 238 gold pieces.
You spent 12 gold pieces at shops.

Inventory:

Hand Weapons
 a - a +0 orcbow
 b - a +4 dagger of venom (weapon)
Missiles
 t - 5 poisoned darts
Armour
 c - a +0 leather armour (worn)
Jewellery
 e - a +4 ring of protection (left hand)
 h - a ring of resist corrosion
 m - an amulet of the acrobat (around neck)
 p - a +5 ring of evasion (right hand)
Wands
 n - a wand of iceblast (10) (quivered)
Scrolls
 g - a scroll of butterflies
 o - a scroll of amnesia {unknown}
 q - a scroll of revelation {unknown}
 r - a scroll of blinking {unknown}
 s - a scroll of enchant armour {unknown}
Potions
 d - a potion of attraction
 f - 3 potions of mutation
 j - a potion of curing
 k - a potion of invisibility {unknown}
 l - 2 potions of brilliance


   Skills:
 + Level 3.2 Fighting
 + Level 2.6 Short Blades
 * Level 8.4 Ranged Weapons
 + Level 4.7 Dodging
 + Level 4.5 Stealth


You had 6 spell levels left.
You didn't know any spells.
Your spell library contained the following spells:

 Spells                   Type           Power      Damage    Failure   Level
 Dazzling Flash           Conj/Hex       0%         N/A       77%         3
 Agony                    Necr           0%         N/A       100%        5
 Silence                  Hex/Air        0%         N/A       100%        5


Dungeon Overview and Level Annotations

Branches:
Dungeon (5/15)             Temple (1/1) D:5

Altars:
Elyvilon
Fedhas
Hepliaklqana
Kikubaaqudgha
Makhleb
Okawaru
Qazlal
Ru
Sif Muna
Trog
Vehumet
Xom
Yredelemnul
The Shining One

Shops:
D:2 ?

Annotations:
Temple Edmund


Message History

HP restored.
You climb upwards.
Welcome back to the Dungeon!
Level annotation: Edmund Edmund misses you.
The orc wizard gestures at you while chanting.
The puff of flame hits you!
There is a staircase to the Ecumenical Temple here.
Unknown command.
Unknown command.
Edmund completely misses you.
The orc priest mumbles some strange prayers to Beogh against you.
Beogh smites you!
You climb downwards.
Welcome back to the Ecumenical Temple!
There is a staircase back to the Dungeon, spattered with blood here.
Unknown command.
Unknown command.
You hit Edmund but do no damage. You hit Edmund.
Edmund is poisoned.
Edmund is lightly wounded.
Edmund hits you with a +0 heavy flail.
You completely miss Edmund.
Edmund is lightly wounded.
Edmund barely misses you.
You hit Edmund.
Edmund is moderately wounded.
You hit Edmund.
Edmund is heavily wounded.
Edmund hits you but does no damage.
You hit Edmund.
Edmund looks as sick as possible!
Edmund is heavily wounded.
Unknown command.
Okay, then.
Unknown command.
Aiming: Iceblast
Press: ? - help, Shift-Dir - straight line The mass of ice explodes!
The iceblast engulfs Edmund!
Edmund is severely wounded.
Edmund hits you with a +0 heavy flail!!
You die...
Edmund says, "I'd like to see a scythe do that!"

##.......≈≈≈...
##.......≈≈≈...
#..≈...≈≈≈≈≈≈≈.
####.≈≈≈≈≈≈≈≈≈≈≈≈≈
##....≈≈≈≈≈≈≈≈≈≈≈≈≈
#♣......≈≈≈≈≈≈≈≈≈≈≈≈
##.......≈≈≈≈≈≈≈≈≈≈≈≈
#....._...≈≈≈≈≈≈≈≈≈≈≈
#♣.@@.....≈≈≈≈≈≈≈≈≈≈≈
#....._...≈≈≈≈≈≈≈≈≈≈≈
##.......≈≈≈≈≈≈≈≈≈≈≈≈
#♣......≈≈≈≈≈≈≈≈≈≈≈≈
##....≈≈≈≈≈≈≈≈≈≈≈≈≈
####.≈≈≈≈≈≈≈≈≈≈≈≈≈
#..≈...≈≈≈≈≈≈≈.
##.......≈≈≈...
##..)....≈≈≈...


You could see Edmund (extremely poisoned).

Vanquished Creatures
  A black bear (D:4)
  2 ogres
  A phantom (D:4)
  3 scorpions
  An orc priest (D:5)
  3 iguanas (D:4)
  7 adders
  2 worms
  3 dart slugs
  3 orcs
  6 endoplasms
  4 giant cockroaches
  9 goblins
  6 hobgoblins
  4 jackals (D:1)
  4 kobolds
  A quokka (D:3)
  8 ball pythons
  3 bats
  4 frilled lizards
  6 rats
81 creatures vanquished.

Notes
Turn   | Place    | Note
-------+----------+-------------------------------------------
     0 | D:1      | 12345 the Deep Elf Hunter began the quest for the Orb.
     0 | D:1      | Reached XP level 1. HP: 12/12 MP: 3/3
   124 | D:1      | Reached XP level 2. HP: 17/17 MP: 4/4
   924 | D:2      | Reached XP level 3. HP: 16/21 MP: 5/5
   976 | D:2      | Reached skill level 6 in Ranged Weapons
  1056 | D:2      | Found Zeuff's Magic Scroll Emporium.
  1065 | D:2      | Bought a scroll of noise for 12 gold pieces
  1185 | D:2      | Reached XP level 4. HP: 26/26 MP: 6/6
  2121 | D:4      | Reached XP level 5. HP: 28/31 MP: 7/7
  2141 | D:4      | Reached skill level 1 in Short Blades
  2162 | D:4      | Noticed a black bear
  2229 | D:4      | Reached skill level 7 in Ranged Weapons
  2294 | D:4      | Noticed an ogre
  2299 | D:4      | Killed an ogre
  2300 | D:4      | Reached XP level 6. HP: 36/36 MP: 8/8
  2482 | D:4      | Found a glowing golden altar of the Shining One.
  2487 | D:4      | Found a hazy altar of Hepliaklqana.
  2506 | D:4      | Became a worshipper of Hepliaklqana the Forgotten
  2668 | D:4      | Reached skill level 8 in Ranged Weapons
  2668 | D:4      | Reached XP level 7. HP: 41/41 MP: 9/9
  2689 | D:5      | Entered Level 5 of the Dungeon
  2747 | D:5      | Found a staircase to the Ecumenical Temple.
  2763 | D:5      | Noticed Edmund
  2790 | D:5      | HP: 1/41 [orc priest/divine providence (10)]
  2791 | Temple   | Entered the Ecumenical Temple
  2973 | Temple   | Slain by Edmund

Illustrated notes

Levels and vault maps discovered:
D:1:      kilobyte_arrival_exit_the_forest, layout_basic
D:2:      layout_rooms, serial_shops, shop_fountains
D:3:      layout_basic
D:4:      minmay_spotlight, layout_rooms, grunt_temple_overflow_open,
          serial_park_tiny_1, glass_columns_c, minmay_strange_pillars
D:5:      layout_basic, general_overflow_altar, minmay_temple_entry_slanted,
          hellmonk_no_cap, uniq_edmund
Temple:   nicolae_temple_hex_pool

Skill      XL: |  1  2  3  4  5  6 |
---------------+-------------------+-----
Stealth        | 2 3 4 |  4.5
Fighting       | 2 3 |  3.2
Ranged Weapons | 6 7 8 |  8.4
Dodging        | 3 4 |  4.7
Short Blades   | 1 2 |  2.6

Action                     |  1- 3 |  4- 6 |  7- 9 || total
---------------------------+-------+-------+-------++-------
  Melee: Dagger            |       |    16 |    10 ||    26
   Fire: Shortbow          |   109 |   125 |       ||   234
         Orcbow            |       |       |     8 ||     8
  Evoke: Wand              |       |       |     1 ||     1
    Use: Scroll            |     2 |     1 |     3 ||     6
         Potion            |       |       |     1 ||     1
   Stab: Sleeping          |       |     1 |     1 ||     2
 Armour: Leather armour    |    24 |    13 |     8 ||    45
  Dodge: Dodged            |    28 |    27 |     8 ||    63

Table legend: (Time is in decaauts)
 A = Elapsed time spent in this place.
 B = Non-inter-level travel time spent in this place.
 C = Inter-level travel time spent in this place.
 D = Time resting spent in this place.
 E = Time spent auto-exploring this place.
 F = Levels seen in this place.
 G = Mean time per level.
                   A        B        C        D        E       F      G
               +--------+--------+--------+--------+--------+-----+--------+
         Total |   3003 |   2857 |    146 |    244 |   1955 |   6 |  500.5 |
       Dungeon |   2826 |   2680 |    146 |    107 |   1955 |   5 |  565.2 |
        Temple |    177 |    177 |      0 |    137 |      0 |   1 |  177.0 |
               +--------+--------+--------+--------+--------+-----+--------+

Top non-repeatable levels by time:
     D:1: 924 daAuts
     D:3: 718 daAuts
     D:4: 572 daAuts
     D:2: 506 daAuts
  Temple: 177 daAuts
     D:5: 105 daAuts
